 Dungeon Crawl Stone Soup version 0.31-a0-210-gccc998df9b (webtiles) character file.

Game seed: 76185442871655095

35 qw the Shooter (level 3, 0/29 HPs)
             Began as a Minotaur Hexslinger on June 30, 2023.
             Succumbed to Sigmund's poison
             ... on level 2 of the Dungeon.
             The game lasted 00:00:21 (1232 turns).

qw the Shooter (Minotaur Hexslinger)                Turns: 1232, Time: 00:00:22

Health: 0/29       AC:  3    Str: 12    XL:     3   Next: 16%
Magic:  3/3        EV: 12    Int: 10    God:
Gold:   58         SH:  0    Dex: 14    Spells: 3/4 levels left

rFire   . . .        Y - +1 sling
rCold   . . .        (no shield)
rNeg    . . .        d - +0 leather armour
rPois   .            (helmet restricted)
rElec   .            (no cloak)
rCorr   .            (no gloves)
SInv    .            (no boots)
Will    .....        (no amulet)
Stlth   +            (no ring)
HPRegen 0.24/turn    (no ring)
MPRegen 0.08/turn

%: no passive effects
@: lethally poisoned (0 -> -7)
A: horns 2, retaliatory headbutt
a: no special abilities


You were on level 2 of the Dungeon.
You visited 1 branch of the dungeon, and saw 2 of its levels.

You collected 133 gold pieces.
You spent 75 gold pieces at shops.


Innate Abilities, Weirdness & Mutations

You have a pair of horns on your head.
You reflexively headbutt those who attack you in melee.


   Skills:
 - Level 2.0 Fighting
 + Level 3.7 Ranged Weapons
 - Level 2.1 Dodging
 - Level 1.0 Spellcasting
 - Level 2.0 Hexes


You had 3 spell levels left.
You knew the following spells:

 Your Spells              Type           Power      Damage    Failure   Level
a - Slow                  Hex            16%        N/A       19%         1

Your spell library contained the following spells:

 Spells                   Type           Power      Damage    Failure   Level
 Inner Flame              Hex/Fire       2%         N/A       65%         3
 Portal Projectile        Hex/Tloc       4%         N/A       65%         3
 Cause Fear               Hex            2%         N/A       88%         4

Inventory:

Hand Weapons
 Y - a +1 sling (weapon)
Armour
 a - a +0 ring mail
 d - a +0 leather armour (worn)
Jewellery
 f - an amulet of regeneration
Scrolls
 c - a scroll of amnesia {unknown}
 h - a scroll of teleportation {unknown}
 i - a scroll of identify
Potions
 b - a potion of mutation {unknown}
 e - a potion of brilliance {unknown}
 g - a potion of attraction {unknown}

Dungeon Overview and Level Annotations

Branches:
Dungeon (2/15)

Altars:

Shops:
D:1 *

Annotations:
D:2 Sigmund


Message History

You shoot a sling bullet. The sling bullet hits the kobold.
The kobold is moderately wounded.
You shoot a sling bullet.
The sling bullet barely misses the kobold.
The kobold closely misses you.
You shoot a sling bullet.
The sling bullet closely misses the kobold.
The kobold hits you with a +0 whip.
You shoot a sling bullet. The sling bullet hits the kobold.
The kobold is severely wounded.
The kobold hits you but does no damage.
You shoot a sling bullet. The sling bullet misses the kobold.
The kobold completely misses you.
You shoot a sling bullet.
The sling bullet barely misses the kobold.
The kobold misses you. You furiously retaliate!
You headbutt the kobold.
You kill the kobold!
You start resting.
HP restored.
i - a scroll of identify You open the door.
There is an open door here.
A rat comes into view.
You shoot a sling bullet. The sling bullet hits the rat!
You kill the rat!
Sigmund the Dreaded comes into view.
He is wielding a +4 scythe of venom and carrying a wand of digging (6).
Sigmund hits you from afar with a +4 scythe of venom!
You are poisoned.
You shoot a sling bullet. The sling bullet hits Sigmund.
Sigmund is moderately wounded.
You feel very sick.
Sigmund gestures wildly while chanting.
Sigmund flickers and vanishes!
Deactivating autopickup; reactivate with Ctrl-A.
You shoot a sling bullet.
You feel sick.
A magic dart appears from out of thin air!
The magic dart hits you!
You shoot a sling bullet.
You die...

********** #.# *,,,,,,,,* #.#
*,*****#,* #.# *,* #.* #.#
*,* ***#.###* #.# *,*
*,,,....* #.# *,* *,,*,#..*
##.##******** *,*
*,,*,#..#####...##,,,,,,,
*,***,,*,#..@........#,*****,
*,,,,,,,,##.#####...##.# *,
*****,,***#{* ##.....# *,
*,,,,,,,,..* #.###.# *,
*,**,***.##* #.# #.#####.
*,,,,,,#.* ##'##*,.....,
*,,*,*,#,* ##...#####.###
*,,*,,,*,* *#.............
*,,,,,,,,* *#......)###....


There were no monsters in sight!

Vanquished Creatures
  A dart slug (D:1)
  3 ball pythons
  3 endoplasms
  3 giant cockroaches
  4 goblins
  3 hobgoblins
  2 quokkas
  A bat (D:1)
  3 frilled lizards
  4 kobolds
  5 rats
32 creatures vanquished.

Notes
Turn   | Place    | Note
-------+----------+-------------------------------------------
     0 | D:1      | qw the Minotaur Hexslinger began the quest for the Orb.
     0 | D:1      | Reached XP level 1. HP: 16/16 MP: 1/1
     0 | D:1      | 0 ||| qw: Version: 0.3-a-24-ga2abf7b
     0 | D:1      | 0 ||| qw: Game counter: 7142
     0 | D:1      | 0 ||| qw: Melee chars always use a shield: true
     0 | D:1      | 0 ||| qw: God list: Okawaru
     0 | D:1      | 0 ||| qw: Allow faded altars: false
     0 | D:1      | 0 ||| qw: Do Orc after clearing Dungeon:15 true
     0 | D:1      | 0 ||| qw: Do second Lair branch before Depths: true
     0 | D:1      | 0 ||| qw: Lair rune preference: random
     0 | D:1      | 0 ||| qw: Goals: Normal
     0 | D:1      | 0 ||| PLANNING D:1-11
     5 | D:1      | You fall into a shaft and drop 1 floor!
    76 | D:2      | 76 ||| READING scroll labelled XEAM AMEKLOCW.
    77 | D:2      | 77 ||| DROPPING scroll of poison.
   191 | D:1      | Reached skill level 3 in Ranged Weapons
   191 | D:1      | Reached XP level 2. HP: 23/23 MP: 2/2
   348 | D:1      | Found Tutrysk's Assorted Antiques.
   366 | D:1      | 366 ||| BUYING brown potion (23 gold).
   366 | D:1      | Bought a brown potion for 23 gold pieces
   366 | D:1      | 366 ||| BUYING leather armour (52 gold).
   366 | D:1      | Bought a leather armour for 52 gold pieces
   366 | D:1      | 366 ||| SHOPLISTING scroll labelled ITOFIXIW RAHU (26 gold,
                  | have 1).
   366 | D:1      | 366 ||| SHOPLISTING scroll labelled YDWACRU KEMO (26 gold,
                  | have 1).
   768 | D:1      | 768 ||| UPGRADING to +0 leather armour.
   778 | D:1      | 778 ||| DROPPING +0 robe.
   779 | D:1      | 779 ||| READING scroll labelled ENILAI CANER.
   833 | D:2      | Reached XP level 3. HP: 29/29 MP: 3/3
  1229 | D:2      | Noticed Sigmund
  1231 | D:2      | HP: 3/29 [something/magic dart (11)]
  1232 | D:2      | Succumbed to Sigmund's poison

Levels and vault maps discovered:
D:1:      psy_arrival_heroes, layout_loops_ring, serial_shops, shop
D:2:      layout_loops_corners, serial_shops, shop, uniq_sigmund

Skill      XL: |  1  2 |
---------------+-------+-----
Ranged Weapons | 3 |  3.7
Fighting       | 2 |  2.0
Dodging        | |  2.1
Spellcasting   | |  1.0
Hexes          | |  2.0

Action                     || total
---------------------------++-------
   Fire: Sling             ||    80
    Use: Scroll            ||     2
 Armour: Robe              ||     3
         Leather armour    ||     1
  Dodge: Dodged            ||    16

Table legend:
 A = Non-vault XP
 B = Vault XP
 C = Vault XP percentage of total XP
 D = Non-vault monster count
 E = Vault monster count
 F = Vault count percentage of total count
                 A         B        C        D         E       F
            +---------+---------+-------+---------+---------+-------
      Total |      50 |       0 |   0.0 |      32 |       0 |   0.0
            +---------+---------+-------+---------+---------+-------
        D:1 |      35 |       0 |   0.0 |      21 |       0 |   0.0
        D:2 |      15 |       0 |   0.0 |      11 |       0 |   0.0
            +---------+---------+-------+---------+---------+-------
